 Dungeon Crawl Stone Soup version 0.32-a0-772-g33df2375a9 (webtiles) character file.

Game seed: 18189184857771880971

18805426 greenbourne the Rhythm of Life and Death (level 27, 174/174 HPs)
             Began as a Vine Stalker Fighter on Mar 19, 2024.
             Was a Follower of Uskayaw.
             Escaped with the Orb
             ... and 15 runes
             ... and 2 gems (1 intact) on Mar 20, 2024!
             The game lasted 05:16:57 (82640 turns).

greenbourne the Rhythm of Life and Death (VSFi)    Turns: 82640, Time: 05:16:57

Health: 174/174    AC: 40    Str: 27 (28) XL:     27
Magic:  41/41      EV: 16    Int: 10      God:    Uskayaw [*.....]
Gold:   6886       SH: 10    Dex: 16      Spells: 26/26 levels left

rFire   + + +        U - +9 quick blade (flame)
rCold   + + +        D - +3 buckler "Goamameh" {Rampage rPois rF++ Dex-5}
rNeg    + + +        a - +3 gold dragon scales of Farfalle {Rampage rPois rF+ rC+ Dex+3 Slay+5 Stlth-}
rPois   ∞            L - -1 helmet of Miracles {Regen+ Int-4 Slay+2 SInv}
rElec   .            x - +2 cloak
rCorr   +            u - +3 pair of gauntlets of War {Slay+5}
SInv    +            K - +0 pair of boots of Isoygad {Str+2 Slay+2}
Will    ++++.        p - amulet of Contentment {Faith Regen+} Stlth
                     Y - +6 ring of intelligence
HPRegen 2.89/turn    V - ring "Doicki" {rC+ rN+ rCorr Dex-3}
MPRegen 0.27/turn

%: guardian spirit, rampage, faith
@: death-form, studying 3 skills
A: vile attack, torment immunity, no potions, fangs 3, regeneration 1, magic
shield, antimagic bite, no potion heal 2, hooves 1, evolution 1
0: Orb of Zot
}: 15/15 runes: decaying, slimy, silver, golden, iron, obsidian, icy, bone,
abyssal, demonic, glowing, magical, fiery, dark, gossamer
a: Siphon Essence, Begin Untransformation, Renounce Religion, Stomp


You escaped.
You worshipped Uskayaw.
Uskayaw was exalted by your worship.
You were an undying horror.
You visited 18 branches of the dungeon, and saw 88 of its levels.
You visited Pandemonium 1 time, and saw 14 of its levels.
You visited the Abyss 2 times.
You visited 1 bazaar.
You also visited: Bailey and Ice Cave.

You collected 13514 gold pieces.
You spent 6628 gold pieces at shops.

Inventory:

Hand Weapons
 U - a +9 quick blade of flaming (weapon)
Missiles
 F - 16 curare-tipped darts
 Q - 33 atropa-tipped darts
Armour
 a - the +3 gold dragon scales of Farfalle (worn) {Rampage rPois rF+ rC+ Dex+3 Slay+5 Stlth-}
   (Okawaru gifted it to you on level 1 of the Lair of Beasts)

   Dex+3:     It affects your dexterity (+3).
   Slay+5:    It affects your accuracy & damage with ranged weapons and melee
   (+5).
   rF+:       It protects you from fire.
   rC+:       It protects you from cold.
   rPois:     It protects you from poison.
   Rampage:   It bestows one free step when moving towards enemies.
   Stlth-:    It makes you less stealthy.
 f - a +3 buckler of positive energy
 h - +1 storm dragon scales
 u - the +3 pair of gauntlets of War (worn) {Slay+5}
   (You found it on level 5 of the Pits of Slime)

   Slay+5:    It affects your accuracy & damage with ranged weapons and melee
   (+5).
 x - a +2 cloak (worn)
 D - the +3 buckler "Goamameh" (worn) {Rampage rPois rF++ Dex-5}
   (You bought it in a shop on level 1 of the Depths)

   Dex-5:     It affects your dexterity (-5).
   rF++:      It greatly protects you from fire.
   rPois:     It protects you from poison.
   Rampage:   It bestows one free step when moving towards enemies.
 H - the orb of Dispater {+Damnation *Corrode AC+5}
   (You took it off Dispater on level 7 of the Iron City of Dis)

   +Damnation: It grants the ability to hurl damnation at the cost of health and
   magic, with strength depending on Evocations skill.
   AC+5:      It affects your AC (+5).
   *Corrode:  It may corrode you when you take damage.
 K - the +0 pair of boots of Isoygad (worn) {Str+2 Slay+2}
   (You found it on level 5 of the Pits of Slime)

   Str+2:     It affects your strength (+2).
   Slay+2:    It affects your accuracy & damage with ranged weapons and melee
   (+2).
 L - the -1 helmet of Miracles (worn) {Regen+ Int-4 Slay+2 SInv}
   (You found it on level 4 of the Spider Nest)

   Int-4:     It affects your intelligence (-4).
   Slay+2:    It affects your accuracy & damage with ranged weapons and melee
   (+2).
   SInv:      It lets you see invisible.
   Regen+:    It increases your rate of health regeneration.
Jewellery
 b - the amulet of Guuten {rElec RegenMP+}
   (You found it on level 7 of Cocytus)

   [amulet of magic regeneration]

   It increases your rate of magic regeneration.
   rElec:     It insulates you from electricity.
   RegenMP+:  It increases your rate of magic regeneration.
 d - the ring of the Spinneret {rF+ rC++ MP+9 Stlth+}
   (You found it on level 7 of Tartarus)

   [ring of magical power]

   rF+:       It protects you from fire.
   rC++:      It greatly protects you from cold.
   MP+9:      It affects your magic capacity (+9).
   Stlth+:    It makes you more stealthy.
 m - a +4 ring of slaying
 p - the amulet of Contentment (around neck) {Faith Regen+}
   (You bought it in a shop on level 1 of the Orcish Mines)

   [amulet of faith]

   Faith:     It allows you to gain divine favour quickly.
   Regen+:    It increases your rate of health regeneration.
 J - the ring "Nyarebo" {Fly Str+2 Int+4}
   (You bought it in a shop on level 1 of the Orcish Mines)

   [ring of flight]

   Str+2:     It affects your strength (+2).
   Int+4:     It affects your intelligence (+4).
   Fly:       It grants you flight.
 M - a +4 ring of slaying
 P - the ring "Gekh" {rF+ Will+ SInv}
   (You found it on level 3 of the Depths)

   [ring of willpower]

   rF+:       It protects you from fire.
   Will+:     It increases your willpower.
   SInv:      It lets you see invisible.
 R - the ring of the Tortoise {AC+8}
   (You found it on level 3 of the Depths)

   [ring of protection]

   AC+8:      It affects your AC (+8).
 V - the ring "Doicki" (right hand) {rC+ rN+ rCorr Dex-3}
   (You found it on level 5 of the Lair of Beasts)

   [ring of positive energy]

   Dex-3:     It affects your dexterity (-3).
   rC+:       It protects you from cold.
   rN+:       It protects you from negative energy.
   rCorr:     It protects you from acid and corrosion.
 Y - a +6 ring of intelligence (left hand)
 Z - a +7 ring of protection
Talismans
 O - a talisman of death (active)
Wands
 n - a wand of roots (68)
 y - a wand of mindburst (60)
 B - a wand of digging (24)
 E - a wand of quicksilver (29) (quivered)
 I - a wand of paralysis (67)
 S - a wand of flame (175)
Scrolls
 c - 3 scrolls of summoning
 k - 25 scrolls of teleportation
 l - 12 scrolls of immolation
 s - 11 scrolls of fog
 t - 19 scrolls of poison
 w - 6 scrolls of torment
 z - 7 scrolls of blinking
 C - 14 scrolls of fear
 T - 2 scrolls of silence
 W - 9 scrolls of vulnerability
Potions
 e - 5 potions of lignification
 g - 15 potions of mutation
 i - 7 potions of berserk rage
 j - 10 potions of enlightenment
 o - 11 potions of haste
 q - a potion of cancellation
 v - 3 potions of invisibility
 A - 13 potions of curing
 G - 5 potions of might
 N - 12 potions of attraction
Miscellaneous
 X - the horn of Geryon


   Skills:
 O Level 27 Fighting
 - Level 14.0 Short Blades
 + Level 23.7 Armour
 - Level 24.8 Dodging
 - Level 7.0 Stealth
 - Level 12.0 Shields
 O Level 27 Invocations
 - Level 20.0 Evocations
 - Level 23.0 Shapeshifting


You had 26 spell levels left.
You didn't know any spells.
Your spell library contained the following spells:

 Spells                   Type           Power      Damage    Failure   Level
 Apportation              Tloc           0%         N/A       98%         1
 Freeze                   Ice            0%         1d3       98%         1
 Kiss of Death            Conj/Necr      0%         2d5       98%         1
 Magic Dart               Conj           0%         1d3       98%         1
 Necrotise                Necr           0%         1d4       98%         1
 Sandblast                Erth           0%         2d4       98%         1
 Slow                     Hex            0%         N/A       98%         1
 Sting                    Conj/Alch      0%         1d3       98%         1
 Blink                    Tloc           0%         N/A       99%         2
 Call Imp                 Summ           0%         N/A       99%         2
 Cigotuvi's Dreadful Rot  Necr/Alch/Air  0%         N/A       99%         2
 Ensorcelled Hibernation  Hex/Ice        0%         N/A       99%         2
 Jinxbite                 Hex            0%         N/A       99%         2
 Mercury Vapours          Alch/Air       0%         N/A       99%         2
 Scorch                   Fire           0%         2d5       99%         2
 Static Discharge         Conj/Air       0%         3-3/arc   99%         2
 Sublimation of Blood     Necr           0%         N/A       99%         2
 Call Canine Familiar     Summ           0%         N/A       100%        3
 Confusing Touch          Hex            0%         N/A       100%        3
 Dazzling Flash           Conj/Hex       0%         N/A       100%        3
 Frozen Ramparts          Ice            0%         1d1       100%        3
 Fugue of the Fallen      Necr           0%         N/A       100%        3
 Gell's Gravitas          Tloc           0%         N/A       100%        3
 Inner Flame              Hex/Fire       0%         N/A       100%        3
 Mephitic Cloud           Conj/Alch/Air  0%         N/A       100%        3
 Ozocubu's Armour         Ice            0%         N/A       100%        3
 Passwall                 Erth           0%         N/A       100%        3
 Sigil of Binding         Hex            0%         N/A       100%        3
 Stone Arrow              Conj/Erth      0%         3d7       100%        3
 Summon Ice Beast         Ice/Summ       0%         N/A       100%        3
 Swiftness                Air            0%         N/A       100%        3
 Tukima's Dance           Hex            0%         N/A       100%        3
 Vampiric Draining        Necr           0%         2d6       100%        3
 Volatile Blastmotes      Fire/Tloc      0%         2d10      100%        3
 Airstrike                Air            0%         2d(0-16)  100%        4
 Anguish                  Hex/Necr       0%         N/A       100%        4
 Animate Armour           Summ/Erth      0%         N/A       100%        4
 Brom's Barrelling Bould  Conj/Erth      0%         2d3       100%        4
 Cause Fear               Hex            0%         N/A       100%        4
 Dimensional Bullseye     Hex/Tloc       0%         N/A       100%        4
 Dispel Undead            Necr           0%         3d6       100%        4
 Flame Wave               Conj/Fire      0%         2d4       100%        4
 Ignite Poison            Fire/Alch      0%         N/A       100%        4
 Leda's Liquefaction      Alch/Erth      0%         N/A       100%        4
 Manifold Assault         Tloc           0%         N/A       100%        4
 Martyr's Knell           Necr/Summ      0%         N/A       100%        4
 Olgreb's Toxic Radiance  Alch           0%         N/A       100%        4
 Passage of Golubria      Tloc           0%         N/A       100%        4
 Petrify                  Alch/Erth      0%         N/A       100%        4
 Sticky Flame             Fire/Alch      0%         2d4       100%        4
 Summon Lightning Spire   Summ/Air       0%         N/A       100%        4
 Alistair's Intoxication  Alch           0%         N/A       100%        5
 Arcjolt                  Conj/Air       0%         1d10      100%        5
 Borgnjor's Vile Clutch   Necr/Erth      0%         N/A       100%        5
 Curse of Agony           Necr           0%         N/A       100%        5
 Fireball                 Conj/Fire      0%         3d3       100%        5
 Irradiate                Conj/Alch      0%         3d11      100%        5
 Iskenderun's Battlesphe  Conj           0%         2d6       100%        5
 Lee's Rapid Deconstruct  Erth           0%         3d4*      100%        5
 Metabolic Englaciation   Hex/Ice        0%         N/A       100%        5
 Silence                  Hex/Air        0%         N/A       100%        5
 Summon Forest            Summ/Tloc      0%         N/A       100%        5
 Summon Mana Viper        Hex/Summ       0%         N/A       100%        5
 Yara's Violent Unravell  Hex/Alch       0%         3d3       100%        5
 Bombard                  Conj/Erth      0%         9d1       100%        6
 Conjure Ball Lightning   Conj/Air       0%         3x3d6     100%        6
 Death Channel            Necr           0%         N/A       100%        6
 Dispersal                Tloc           0%         N/A       100%        6
 Eringya's Noxious Bog    Alch           0%         4d6       100%        6
 Permafrost Eruption      Ice/Erth       0%         2x4d2     100%        6
 Sculpt Simulacrum        Ice/Alch       0%         N/A       100%        6
 Starburst                Conj/Fire      0%         6d3       100%        6
 Summon Cactus Giant      Summ           0%         N/A       100%        6
 Enfeeble                 Hex            0%         N/A       100%        7
 Haunt                    Necr/Summ      0%         N/A       100%        7
 Monstrous Menagerie      Summ           0%         N/A       100%        7
 Orb of Destruction       Conj           0%         9d5       100%        7
 Ozocubu's Refrigeration  Ice            0%         4d7       100%        7
 Spellforged Servitor     Conj/Summ      0%         N/A       100%        7
 Summon Hydra             Summ           0%         N/A       100%        7
 Borgnjor's Revivificati  Necr           0%         N/A       100%        8
 Discord                  Hex            0%         N/A       100%        8
 Disjunction              Tloc           0%         N/A       100%        8
 Ignition                 Fire           0%         3d3       100%        8
 Infestation              Necr           0%         N/A       100%        8
 Lehudib's Crystal Spear  Conj/Erth      0%         10d2      100%        8
 Maxwell's Capacitive Co  Air            0%         ∞         100%        8
 Death's Door             Necr           0%         N/A       100%        9
 Dragon's Call            Summ           0%         N/A       100%        9
 Polar Vortex             Ice            0%         N/A       100%        9


Dungeon Overview and Level Annotations

Branches:
Dungeon (15/15)            Temple (1/1) D:5            Lair (5/5) D:10
  Swamp (4/4) Lair:3       Spider (4/4) Lair:3        Slime (5/5) Lair:5
    Orc (2/2) D:9             Elf (3/3) Orc:2        Vaults (5/5) D:13
  Crypt (3/3) Vaults:2       Tomb (3/3) Crypt:3      Depths (4/4) D:15
   Hell (visited)             Dis (7/7) Hell            Geh (7/7) Hell
    Coc (7/7) Hell            Tar (7/7) Hell            Zot (5/5) Depths:4
 Bailey (visited)           IceCv (visited)

Altars:
Ashenzari
Cheibriados
Dithmenos
Elyvilon
Fedhas
Gozag
Hepliaklqana
Kikubaaqudgha
Makhleb
Nemelex Xobeh
Okawaru
Qazlal
Ru
Sif Muna
Trog
Uskayaw
Vehumet
Wu Jian
Xom
Yredelemnul
Zin
The Shining One
Beogh
Lugonu

Shops:
D:6 =?[   D:14 :[*:   Orc:1 =   Orc:2 *(:*   Elf:3 :===   Vaults:1 (
Vaults:2 [   Vaults:4 (   Vaults:5 (   Depths:1 [   Depths:2 =   Depths:3 [*(

Portals:
Hell: Depths:1 Depths:2 Depths:3 Depths:4
Abyss: Depths:3 Depths:4
Pandemonium: Depths:2 Depths:3
Ziggurat: Depths:3

Annotations:
Spider:4 Urghuexum's ghost, adept KoCK
Zot:3 2 transporters


Innate Abilities, Weirdness & Mutations

You are an undying horror.
Your melee and unarmed attacks drain, slow and weaken victims.
You are immune to unholy pain and torment.
You cannot drink.
You are immune to poison.
You have razor-sharp teeth.
Your natural rate of healing is unusually fast.
When hurt, damage is shared between your health and your magic reserves.
Your bite disrupts and absorbs the magic of your enemies.
Potions cannot restore your health.
You have large cloven feet.
You have hidden genetic potential.


Message History

You can't see that place.
The rock shatters into small pieces.
A balrug and 3 sun demons come into view.
The sun demon shouts! x2
The balrug moves out of view.
The sun demon moves out of view.
Aiming: Dig
Press: ? - help, Shift-Dir - straight line A rock wall.
This square is covered in magical glow.
The rock shatters into small pieces.
There is a stone staircase leading up here.
You climb upwards.
A red devil comes into view. It is wielding a +0 trident.
There is a stone staircase leading down here.
You hit the red devil.
The red devil decays.
You bite the red devil. You drain its power. You puncture the red devil!
The red devil decays.
You bite the red devil! You drain its power.
The red devil is almost dead.
You puncture the red devil!
You kill the red devil!
There is a stone staircase leading down here.
Okay, then.
Unknown command.
Okay, then.
Unknown command.
Aiming: Dig
Press: ? - help, Shift-Dir - straight line A rock wall.
This square is covered in magical glow.
The rock shatters into small pieces.
Aiming: Dig
Press: ? - help, Shift-Dir - straight line A rock wall.
This square is covered in magical glow.
The rock shatters into small pieces.
Unknown command.
Unknown command.
There is a staircase leading out of the dungeon here.
You can't go down here!
You have escaped!

#.##.# #.#######.##.# #.#
#.##.# #.# #.....#######.#
.....# #.###.###.# #...#.#
###..####.##.##.## #.ß.#.##
# #....###.#.#### #....#..#
###.##.####...# #.##+###.#
....#...####.####.#.....'.#
.###.........##...#.....#.#
.# #....#######.z.'.....#.#
## #.#.## ##....#.....#|#
#.#.# ##.#####.....+.#
#.#.# ##.## ###+##### #.#.#
##.## #...# #.#.###.##
#.ß.# #.#.##.## #...#
#.#.#.## ##### #.#..##


There were no monsters in sight!

Vanquished Creatures
  Cerebov (Pan)
  Asmodeus (Geh:7)
  Antaeus (Coc:7)
  Mnoleg (Pan)
  the Royal Jelly (Slime:5)
  Ereshkigal (Tar:7)
  Gloorx Vloq (Pan)
  Ignacio (Pan)
  Lom Lobon (Pan)
  the Serpent of Hell (Tar:7)
  5 dread liches
  Dispater (Dis:7)
  Frederick (Crypt:1)
  11 ancient liches
  Khufu (Crypt:1)
  9 orbs of fire (Zot:5)
  Mara (Elf:3)
  41 royal mummies
  A juggernaut (Depths:1)
  Xtahua (Crypt:3)
  4 Killer Klowns (Zot:5)
  Boris (4 times) (Depths:3 Vaults:5 Tomb:2 Tomb:3)
  16 shard shrikes
  Vv (Zot:3)
  3 curse toes
  the Lernaean hydra (Swamp:4)
  26 caustic shrikes
  Geryon (Hell)
  15 golden dragons
  Jory (Depths:3)
  Nikola (Elf:2)
  A pearl dragon (Abyss:4)
  the Enchantress (Depths:3)
  A profane servitor (Tar:6)
  6 pandemonium lords
  Arachne (Spider:4)
  25 bone dragons
  14 hellephants
  19 Brimstone Fiends
  7 iron giants
  11 Tzitzimimeh
  12 doom hounds
  Zenata (Vaults:4)
  A spectral shard shrike (Tar:6)
  5 electric golems
  28 tentacled monstrosities
  21 Hell Sentinels
  Jorgrun (Elf:2)
  The ghost of Zontaigg the Executioner, an adept GrBe of Trog (Elf:3)
  7 liches
  15 tainted leviathans
  17 Ice Fiends
  The ghost of Heruu the Marksminotaur, an adept MiHu of Okawaru (Elf:3)
  The ghost of Luqutot the Warrior, an adept MiFi of the Shining One (Elf:3)
  The ghost of grizmgrazm2 the Black Belt, an adept GnSh of Vehumet (Swamp:3)
  29 Orb Guardians
  3 deep elf blademasters
  A shard shrike skeleton (Crypt:1)
  24 titans
  Asterion (Depths:2)
  17 searing wretches
  14 sphinxes
  11 deep elf master archers
  6 quicksilver dragons
  12 acid blobs
  Frances (Spider:2)
  20 ancient champions
  12 death cobs
  8 tentacled starspawn
  14 Executioners
  Kirke (Swamp:1)
  7 shadow dragons
  15 storm dragons
  10 tengu reavers
  Roxanne (Spider:4)
  12 protean progenitors
  37 fire giants
  7 demonspawn warmongers
  4 revenants
  11 deep elf sorcerers
  6 draconian knights
  7 draconian monks
  A nagaraja (Pan)
  7 iron dragons
  2 fenstrider witches (Pan)
  15 rockslimes
  11 narguns
  29 frost giants
  3 draconian shifters
  12 quicksilver elementals
  15 azure jellies
  17 ghost moths
  16 vault wardens
  3 emperor scorpions
  2 curse skulls
  3 spectral caustic shrikes
  3 draconian scorchers
  40 balrugs
  5 deep elf elementalists
  An angel (Abyss:4)
  A juggernaut zombie (Crypt:3)
  Louise (Swamp:4)
  6 draconian annihilators
  7 demonspawn blood saints
  11 shard shrike simulacra
  4 draconian stormcallers
  4 orc warlords
  8 demonspawn corrupters
  5 ghouls (Crypt:2)
  29 very ugly things
  13 quicksilver oozes
  5 broodmothers
  21 cacodemons
  3 ironbound thunderhulks
  22 stone giants
  17 ironbound preservers
  4 spriggan defenders
  A caustic shrike skeleton (Pan)
  12 reapers
  3 juggernaut skeletons (Pan)
  8 putrid mouths
  12 green draconians
  14 formless jellyfish
  A quicksilver ooze (shapeshifter) (Vaults:5)
  25 elemental wellsprings
  2 starflowers (Abyss:3)
  8 vampire knights
  3 eleionomae
  9 black draconians
  10 lorocyprocas
  7 deep elf demonologists
  13 white draconians
  6 dire elephants
  7 deep elf annihilators
  5 demonspawn black suns (Pan)
  2 spectral titans (Tar:6)
  23 war gargoyles
  9 deep elf death magi
  11 wendigos
  13 yellow draconians
  5 bunyips
  14 bennus
  8 purple draconians
  11 red draconians
  6 spark wasps
  20 blizzard demons
  31 eidola
  14 green deaths
  2 merfolk javelineers
  17 ettins
  9 jiangshi
  A spectral quicksilver dragon (Tar:5)
  A spectral iron giant (Tar:7)
  23 mummy priests
  8 iron golems
  6 crystal guardians
  Josephine (D:15)
  5 fire dragons
  16 yaktaur captains
  3 deep elf high priests
  An entropy weaver (shapeshifter) (Elf:1)
  A shambling mangrove (Swamp:3)
  Fannar (D:11)
  A kraken zombie (Hell)
  A salamander tyrant (Geh:6)
  6 spectral spriggans
  A spriggan zombie (Crypt:3)
  7 entropy weavers
  29 vault guards
  13 ice dragons
  A quicksilver dragon skeleton (Crypt:3)
  An Orb Guardian zombie (Crypt:1)
  8 hell beasts
  13 centaur warriors
  10 great orbs of eyes
  3 ogre magi
  2 catoblepae
  15 hydras
  9 rakshasas
  3 peacekeepers
  14 caustic shrike simulacra
  10 ironbound frosthearts
  2 anacondas (Pan)
  7 juggernaut simulacra
  7 spriggan air magi
  A spectral draconian (Tar:1)
  8 alligators
  4 death knights
  46 dancing weapons
  2 spectral stone giants
  A fenstrider witch skeleton (Abyss:3)
  10 radroaches
  8 boulder beetles
  6 stokers
  7 tengu warriors
  8 two-headed ogres
  70 death scarabs
  8 death yaks
  6 deep troll earth magi
  8 deep troll shamans
  10 vampire magi
  31 hell hogs
  2 holy swine (Pan)
  2 satyrs (Abyss:4)
  A shock serpent (shapeshifter) (Vaults:1)
  3 occultists
  5 orc high priests
  Urug (D:10)
  3 shock serpents (Pan)
  8 spriggan berserkers
  4 thrashing horrors
  9 demonic crawlers
  29 soul eaters
  Nergalle (D:10)
  44 sun demons
  30 hell knights
  7 wretched stars
  10 crystal echidnas
  2 skysharks
  22 deep elf knights
  2 hellephant skeletons (Pan)
  26 skeletal warriors
  A skyshark (shapeshifter) (Vaults:5)
  A spectral death yak (Lair:5)
  19 sixfirhies (Pan)
  2 golden dragon zombies
  15 iron trolls
  6 pharaoh ants
  2 spectral bunyips
  An emperor scorpion zombie (Crypt:1)
  A spectral anaconda (Lair:5)
  24 shadow wraiths
  2 titan skeletons
  An anaconda zombie (Crypt:2)
  A spatial maelstrom (Abyss:4)
  3 goliath frogs
  41 deep trolls
  7 orb spiders
  5 quicksilver dragon simulacra
  12 flayed ghosts
  2 death drakes (Swamp:4)
  8 shadow demons
  2 spriggan druids
  5 glowing orange brains
  14 bog bodies
  10 spriggan simulacra
  A steelbarb worm (shapeshifter) (Vaults:3)
  7 sun moths
  22 deep elf archers
  8 swamp dragons (Swamp:4)
  11 arcanists
  6 phantasmal warriors
  2 shadow dragon zombies (Crypt:1)
  2 bunyip skeletons
  A fenstrider witch simulacrum (Coc:1)
  3 lindwurms
  9 steelbarb worms
  A wolf spider zombie (Crypt:1)
  27 wolf spiders
  An obsidian statue (Lair:5)
  17 ironbound convokers
  A harpy (Vaults:4)
  15 orc knights
  28 deep elf pyromancers
  3 anaconda skeletons
  A harpy (shapeshifter) (D:12)
  2 thermic dynamos (Elf:1)
  26 deep elf zephyrmancers
  22 necromancers
  22 starcursed masses
  6 orc sorcerers
  2 oklob plants (Spider:3)
  47 ugly things
  6 shining eyes
  7 will-o-the-wisps
  An iron dragon skeleton (Crypt:1)
  A spectral merfolk (Tar:2)
  An alligator skeleton (Hell)
  31 moths of wrath
  A worldbinder (Abyss:4)
  6 manticores
  4 spectral ettins
  A naga zombie (Crypt:3)
  A salamander (Depths:4)
  A shining eye (shapeshifter) (Depths:2)
  17 large abominations
  2 moths of wrath (shapeshifter)
  6 cyclopes
  18 vault sentinels
  4 meliai (Spider:3)
  3 ice statues
  2 meliai (shapeshifter)
  3 centaur zombies
  An alligator snapping turtle zombie (Crypt:1)
  4 kobold blastminers (Orc:2)
  2 titan simulacra
  2 water nymphs (shapeshifter)
  2 stone giant skeletons
  4 apocalypse crabs (Abyss:4)
  6 black mambas
  29 smoke demons
  4 eyes of devastation
  12 rust devils
  14 elephants
  A dire elephant zombie (Crypt:2)
  29 hellions
  15 cane toads
  3 gargoyles
  2 storm dragon simulacra (Coc:1)
  An orc skeleton (Crypt:1)
  2 centaur skeletons
  2 unseen horrors
  7 torpor snails
  2 rime drakes (shapeshifter)
  6 freezing wraiths
  22 orange demons
  A sea snake zombie (Hell)
  35 yaktaurs
  12 rime drakes
  5 efreet
  A komodo dragon (shapeshifter) (D:12)
  10 komodo dragons
  Maggie (D:6)
  2 tengu conjurers
  21 tormentors
  An ice devil (Hell)
  A kobold demonologist (Bailey)
  2 iron giant simulacra
  Psyche (D:11)
  3 bunyip simulacra
  6 anaconda simulacra
  A harpy zombie (Tomb:2)
  3 silent spectres
  3 spectral harpies
  14 hellwings (Pan)
  6 trolls
  16 hornets
  A wind drake (shapeshifter) (D:12)
  4 red devils
  4 ancient zymes
  43 guardian mummies
  28 tarantellas
  2 hydra zombies (Hell)
  11 polar bears
  3 hydra skeletons
  11 glass eyes
  11 raiju
  8 tyrant leeches
  A tarantella (shapeshifter) (Elf:1)
  3 harpy skeletons
  A glass eye (shapeshifter) (Vaults:5)
  24 blink frogs
  A fire dragon zombie (Crypt:3)
  Prince Ribbit (D:5)
  A spectral elephant (Lair:5)
  3 snapping turtles (Zot:2)
  A spectral black mamba (Tar:1)
  108 slime creatures
  2 iron dragon simulacra
  A slime creature zombie (Crypt:2)
  Sigmund (D:5)
  An air elemental (Elf:3)
  4 dire elephant simulacra
  5 naga simulacra
  A vampire (D:12)
  27 jumping spiders
  7 water elementals
  7 centaur simulacra
  29 ynoxinuls
  12 basilisks
  2 shadows
  11 wyverns
  An ice dragon skeleton (Crypt:1)
  3 ettin skeletons
  6 wraiths
  60 yaks
  27 culicivoras
  30 spriggans
  A fire dragon skeleton (Geh:3)
  A basilisk (shapeshifter) (D:12)
  5 humans (Swamp:1)
  An alligator snapping turtle simulacrum (Coc:2)
  11 ushabtiu
  A sea snake simulacrum (Hell)
  2 wargs (Orc:1)
  12 golden eyes
  6 fire elementals
  A steam dragon (shapeshifter) (D:12)
  50 redbacks
  A steam dragon (D:4)
  19 neqoxecs
  18 vampire mosquitoes
  15 chaos spawn
  A death yak simulacrum (Lair:5)
  A naga (shapeshifter) (Elf:1)
  Edmund (D:4)
  17 harpy simulacra
  2 spatial vortices (Abyss:4)
  17 swamp worms
  2 spectral cane toads (Lair:5)
  An acid dragon (D:8)
  An acid dragon (shapeshifter) (D:14)
  14 water moccasins
  3 hydra simulacra
  4 hell hounds (Hell)
  10 swamp drakes
  27 orc warriors
  A meliai simulacrum (D:15)
  A water nymph skeleton (Crypt:1)
  A swamp dragon zombie (Hell)
  5 small abominations
  2 black bears
  2 ettin simulacra (Coc:7)
  5 ice beasts
  2 sky beasts (D:7)
  25 wolves
  54 laughing skulls
  14 ogres
  An elephant skeleton (Lair:5)
  13 centaurs
  2 phantoms (D:6)
  2 kobold brigands
  2 weeping skulls (Abyss:3)
  A salamander zombie (Crypt:2)
  A brain worm (Abyss:4)
  14 bullfrogs
  A gnoll sergeant (D:7)
  A yaktaur zombie (Crypt:2)
  4 scorpions
  A cane toad simulacrum (Lair:5)
  2 earth elementals
  9 wights
  2 elephant simulacra (Lair:5)
  A swamp dragon simulacrum (Coc:2)
  9 killer bees
  A spriggan skeleton (Crypt:1)
  13 howler monkeys
  6 electric eels
  A raiju skeleton (Crypt:1)
  A bombardier beetle (D:5)
  2 jellies
  A gnoll bouda (D:5)
  21 orc priests
  An iron imp (Abyss:3)
  A sleepcap (D:4)
  Jessica (D:2)
  4 iguanas
  34 orc wizards
  15 hell rats
  2 boggart simulacra (D:15)
  55 mummies
  26 gnolls
  11 adders
  2 shadow imps
  3 white imps
  4 ufetubi (D:7)
  An iguana zombie (Crypt:1)
  A dart slug (D:5)
  A ribbon worm (D:3)
  70 orcs
  7 ball pythons
  6 endoplasms
  3 giant cockroaches
  10 goblins
  10 hobgoblins
  3 jackals (D:3)
  3 quokkas
  8 bats
  A frilled lizard (D:1)
  A frilled lizard skeleton (Crypt:2)
  18 kobolds
  An orc zombie (Crypt:2)
  5 rats
  6 aspiring fleshes
  A creeping inferno (Geh:7)
  3 fire vortices (Geh:7)
  2 lurking horrors
  4 starspawn tentacles
4217 creatures vanquished.

Vanquished Creatures (collateral kills)
  An ancient champion (Dis:6)
  2 quicksilver elementals
  A war gargoyle (Dis:4)
  4 iron golems (Dis:6)
  A dancing weapon (Dis:4)
9 creatures vanquished.

Vanquished Creatures (others)
  An Executioner (Pan)
  An eldritch tentacle (Pan)
  A fire giant (Geh:3)
  A shard shrike simulacrum (Coc:5)
  A caustic shrike simulacrum (Coc:5)
  3 juggernaut simulacra
  A deep elf knight (Elf:2)
  A sun demon (Pan)
  A deep elf zephyrmancer (Vaults:3)
  A steelbarb worm (Spider:4)
  A deep elf pyromancer (Elf:1)
  A yaktaur (D:13)
  4 bloated husks
  A hornet (Swamp:2)
  A stone giant simulacrum (Coc:2)
  An iron dragon simulacrum (Coc:7)
  A dire elephant simulacrum (Coc:2)
  A neqoxec (Pan)
  3 ettin simulacra
  An orc (D:4)
  A kobold (D:4)
  A fire vortex (Geh:7)
  22 foxfires
  10 starspawn tentacles
  4 tentacles (Hell)
65 creatures vanquished.

Grand Total: 4291 creatures vanquished

Notes
Turn   | Place    | Note
-------+----------+-------------------------------------------
     0 | D:1      | greenbourne the Vine Stalker Fighter began the quest for
                  | the Orb.
     0 | D:1      | Reached XP level 1. HP: 11/11 MP: 2/2
   201 | D:1      | Reached XP level 2. HP: 16/16 MP: 3/3
   749 | D:2      | Noticed Jessica
   757 | D:2      | Killed Jessica
   758 | D:2      | Reached XP level 3. HP: 20/20 MP: 4/4
   792 | D:2      | Found a hide-covered altar of Uskayaw.
   994 | D:2      | Reached XP level 4. HP: 8/25 MP: 1/5
  1557 | D:3      | Reached XP level 5. HP: 29/29 MP: 6/6
  1814 | D:3      | Found a hide-covered altar of Uskayaw.
  2085 | D:4      | Noticed Edmund
  2127 | D:4      | Reached skill level 1 in Stealth
  2164 | D:4      | Killed Edmund
  2165 | D:4      | Reached XP level 6. HP: 24/34 MP: 2/7
  2724 | D:4      | Noticed a steam dragon
  2731 | D:4      | Reached skill level 5 in Fighting
  2731 | D:4      | Reached XP level 7. HP: 39/39 MP: 8/8
  2765 | D:4      | Killed a steam dragon
  2766 | D:4      | Reached skill level 5 in Short Blades
  2977 | D:5      | Entered Level 5 of the Dungeon
  2987 | D:5      | Found a radiant altar of Vehumet.
  2988 | D:5      | Found an opulent altar of Gozag.
  2988 | D:5      | Found a bloodstained altar of Trog.
  3036 | D:5      | Gained mutation: You have razor-sharp teeth. [Vine Stalker
                  | growth]
  3036 | D:5      | Reached XP level 8. HP: 20/43 MP: 9/9
  3153 | D:5      | Noticed Prince Ribbit
  3169 | D:5      | Killed Prince Ribbit
  3380 | D:5      | Noticed Sigmund
  3394 | D:5      | Killed Sigmund
  3489 | D:5      | Reached XP level 9. HP: 47/47 MP: 10/10
  3737 | D:5      | Found a staircase to the Ecumenical Temple.
  3847 | Temple   | Entered the Ecumenical Temple
  3866 | Temple   | Became a worshipper of Warmaster Okawaru
  4202 | D:6      | Reached skill level 1 in Dodging
  4358 | D:6      | Reached skill level 1 in Invocations
  4382 | D:6      | Found Quarucry's Antique Armour Emporium.
  4655 | D:6      | Found Wutzin's Magic Scroll Emporium.
  4657 | D:6      | Found Konetat's Jewellery Emporium.
  4663 | D:6      | Bought a scroll of teleportation for 30 gold pieces
  4663 | D:6      | Bought a scroll of teleportation for 30 gold pieces
  4663 | D:6      | Bought a scroll of identify for 20 gold pieces
  4663 | D:6      | Bought a scroll of identify for 20 gold pieces
  4663 | D:6      | Bought a scroll of identify for 20 gold pieces
  4724 | D:6      | Noticed Maggie
  4779 | D:6      | Killed Maggie
  4779 | D:6      | Reached * piety under Okawaru
  4780 | D:6      | Reached skill level 10 in Short Blades
  5001 | D:7      | Found a flagged portal.
  5010 | Bailey   | Entered a bailey
  5217 | Bailey   | Reached XP level 10. HP: 35/51 MP: 8/13
  5328 | Bailey   | Reached ** piety under Okawaru
  5373 | Bailey   | Noticed an orc high priest
  5406 | Bailey   | Killed an orc high priest
  5622 | Bailey   | Identified the +6 scale mail of Knowledge {Harm rPois
                  | Slay+2}
  5644 | Bailey   | Found an iron altar of Okawaru.
  5669 | Bailey   | Noticed a kobold demonologist
  5674 | Bailey   | Noticed a sixfirhy
  5686 | Bailey   | Killed a kobold demonologist
  5686 | Bailey   | Reached *** piety under Okawaru
  5820 | Bailey   | Reached skill level 5 in Armour
  6123 | D:7      | Reached skill level 5 in Invocations
  6419 | D:7      | Found a burning altar of Makhleb.
  6444 | D:7      | Noticed a manticore
  6452 | D:7      | Killed a manticore
  6488 | D:7      | Reached skill level 5 in Shields
  6501 | D:7      | Reached **** piety under Okawaru
  6506 | D:7      | Reached skill level 5 in Dodging
  7265 | D:8      | Reached XP level 11. HP: 56/56 MP: 16/16
  8201 | D:9      | Found a staircase to the Orcish Mines.
  8494 | D:9      | Reached ***** piety under Okawaru
  9010 | D:10     | Entered Level 10 of the Dungeon
  9069 | D:10     | Noticed Urug
  9086 | D:10     | Killed Urug
  9157 | D:10     | Found a staircase to the Lair.
  9562 | D:10     | Received a gift from Okawaru
 10124 | D:11     | Noticed Fannar
 10150 | D:11     | Killed Fannar
 10151 | D:11     | Reached XP level 12. HP: 42/63 MP: 17/19
 10400 | D:11     | Noticed Psyche
 10420 | D:11     | Killed Psyche
 10533 | D:11     | Found a shimmering blue altar of Sif Muna.
 10998 | Lair:1   | Entered Level 1 of the Lair of Beasts
 11028 | Lair:1   | Noticed Nergalle
 11133 | D:10     | Killed Nergalle
 11595 | Lair:1   | Reached ****** piety under Okawaru
 11596 | Lair:1   | Acquired a +1 quick blade of draining
 11596 | Lair:1   | Received a gift from Okawaru
 11749 | Lair:1   | Acquired the +3 gold dragon scales of Farfalle {Rampage
                  | rPois rF+ rC+ Dex+3 Slay+5 Stlth-}
 11749 | Lair:1   | Received a gift from Okawaru
 11810 | Lair:1   | Received a gift from Okawaru
 11965 | D:6      | Bought a +6 ring of strength for 540 gold pieces
 12748 | Lair:2   | Reached XP level 13. HP: 69/71 MP: 20/20
 12887 | Lair:2   | Reached skill level 10 in Fighting
 12986 | Lair:2   | Received a gift from Okawaru
 13144 | Lair:2   | Received a gift from Okawaru
 13384 | Lair:2   | Reached skill level 10 in Invocations
 14103 | Lair:3   | Found a staircase to the Swamp.
 14154 | Lair:3   | Received a gift from Okawaru
 14433 | Lair:3   | Found a hole to the Spider Nest.
 14821 | Lair:4   | Reached XP level 14. HP: 77/77 MP: 23/23
 14894 | Lair:4   | Received a gift from Okawaru
 15329 | Lair:5   | Entered Level 5 of the Lair of Beasts
 15460 | Lair:5   | Found a staircase to the Slime Pits.
 15971 | Lair:5   | Received a gift from Okawaru
 16088 | Lair:5   | Got the Incunabulum of Altered Hurting
 16437 | Lair:5   | Noticed a dire elephant
 16437 | Lair:5   | Noticed a dire elephant
 16437 | Lair:5   | Noticed a dire elephant
 16643 | Lair:5   | Killed a dire elephant
 16770 | Lair:5   | Received a gift from Okawaru
 16937 | Lair:5   | Killed a dire elephant
 16947 | Lair:5   | Killed a dire elephant
 17024 | Lair:5   | Got the Precepts of the Tundra and Diablerie
 17280 | Orc:1    | Entered Level 1 of the Orcish Mines
 17403 | Orc:1    | Found Hoxynk's Jewellery Boutique.
 17404 | Orc:1    | You fall into a shaft and drop 1 floor!
 17404 | Orc:2    | Entered Level 2 of the Orcish Mines
 17404 | Orc:2    | Found Wataadup's Book Shoppe.
 17404 | Orc:2    | Found Teatzas's General Store.
 17404 | Orc:2    | Found Impatt's General Store.
 17454 | Orc:1    | Bought the amulet of Contentment {Faith Regen+} for 564
                  | gold pieces
 17501 | Orc:1    | Reached XP level 15. HP: 36/84 MP: 18/25
 17618 | Orc:1    | Received a gift from Okawaru
 17641 | Orc:1    | Reached skill level 10 in Armour
 17652 | Orc:1    | Found a frozen archway.
 17660 | IceCv    | Entered an ice cave
 18039 | IceCv    | Received a gift from Okawaru
 18501 | Orc:1    | Found a roughly hewn altar of Beogh.
 18596 | Orc:2    | Found a staircase to the Elven Halls.
 18623 | Orc:2    | Received a gift from Okawaru
 19047 | Orc:2    | Bought a scroll of blinking for 105 gold pieces
 19051 | Orc:2    | Found Loas's Antique Weapon Boutique.
 19057 | Orc:2    | Bought a potion of haste for 150 gold pieces
 19057 | Orc:2    | Bought a scroll of identify for 30 gold pieces
 19063 | Orc:2    | Received a gift from Okawaru
 19880 | D:12     | Received a gift from Okawaru
 19881 | D:12     | Reached skill level 15 in Fighting
 19955 | D:12     | Reached XP level 16. HP: 55/95 MP: 22/26
 20068 | D:12     | Received a gift from Okawaru
 20106 | D:12     | Identified the +8 long sword of Distant Shores {vamp,
                  | Dex+4}
 20861 | D:13     | Received a gift from Okawaru
 21274 | D:13     | Found a gate to the Vaults.
 21320 | D:14     | Found Eduujoo's Assorted Antiques.
 21345 | D:14     | Found Jiecahau's Book Shoppe.
 21428 | D:14     | Received a gift from Okawaru
 21451 | D:14     | Found Jiytzexed's Antique Armour Shoppe.
 21475 | D:14     | Bought a pair of glowing gloves for 240 gold pieces
 21488 | D:14     | Found Duygeli's Book Emporium.
 21744 | D:14     | Found a blossoming altar of Fedhas.
 22048 | D:15     | Entered Level 15 of the Dungeon
 22323 | D:15     | Received a gift from Okawaru
 22327 | D:15     | Found a runed translucent door.
 22361 | D:15     | Noticed Josephine
 22384 | D:15     | Killed Josephine
 22786 | D:15     | Found a staircase to the Depths.
 22803 | D:15     | Received a gift from Okawaru
 22804 | D:15     | Reached skill level 10 in Dodging
 22865 | D:15     | Reached skill level 1 in Evocations
 23093 | Swamp:1  | Entered Level 1 of the Swamp
 23159 | Swamp:1  | Reached XP level 17. HP: 99/99 MP: 25/27
 23443 | Swamp:1  | Noticed Kirke
 23451 | Swamp:1  | Killed Kirke
 23452 | Swamp:1  | Reached skill level 5 in Evocations
 23720 | Swamp:2  | Received a gift from Okawaru
 24155 | Swamp:3  | Found a transporter.
 24160 | Swamp:3  | Found a bloodstained altar of Trog.
 24199 | Swamp:4  | Entered Level 4 of the Swamp
 24602 | Swamp:4  | Received a gift from Okawaru
 24700 | Swamp:4  | Noticed the 27-headed Lernaean hydra
 24715 | Swamp:4  | Killed the 27-headed Lernaean hydra
 24789 | Swamp:4  | Noticed Louise
 24790 | Swamp:4  | Noticed a tentacled monstrosity
 24812 | Swamp:4  | Killed a tentacled monstrosity
 24812 | Swamp:4  | Received a gift from Okawaru
 24821 | Swamp:4  | Killed Louise
 25131 | Swamp:4  | Got a decaying rune of Zot
 25339 | Swamp:3  | Found a transporter.
 25369 | Swamp:3  | Noticed grizmgrazm2's ghost (adept GnSh)
 25578 | Swamp:3  | Received a gift from Okawaru
 26419 | Spider:1 | Entered Level 1 of the Spider Nest
 26424 | Spider:1 | Reached skill level 15 in Invocations
 26523 | Spider:1 | Reached skill level 5 in Stealth
 26611 | Spider:1 | Reached XP level 18. HP: 104/104 MP: 30/30
 26615 | Spider:1 | Identified the orb of the Uplifting Gods {light, Regen+}
 27308 | Spider:2 | Received a gift from Okawaru
 27402 | Spider:2 | Noticed Frances
 27518 | Spider:2 | Killed Frances
 27737 | Spider:2 | Received a gift from Okawaru
 28201 | Spider:3 | Received a gift from Okawaru
 28962 | Spider:4 | Entered Level 4 of the Spider Nest
 29019 | Spider:4 | Noticed Urghuexum's ghost (adept KoCK)
 29040 | Spider:4 | Found a transporter.
 29064 | Spider:4 | Found a transporter.
 29073 | Spider:4 | Identified the -1 helmet of Miracles {Regen+ Int-4 Slay+2
                  | SInv}
 29134 | Spider:4 | Received a gift from Okawaru
 29222 | Spider:4 | Identified the granite talisman "Baele" {Will- Int+6
                  | Stlth+}
 29222 | Spider:4 | Noticed Roxanne
 29362 | Spider:4 | Noticed Arachne
 29455 | Spider:4 | Killed Arachne
 29494 | Spider:4 | Reached XP level 19. HP: 74/109 MP: 29/31
 29606 | Spider:4 | Received a gift from Okawaru
 29727 | Spider:4 | Got a gossamer rune of Zot
 30200 | Elf:1    | Entered Level 1 of the Elven Halls
 30226 | Elf:1    | Found a radiant altar of Vehumet.
 30308 | Elf:1    | Received a gift from Okawaru
 30700 | Elf:1    | Received a gift from Okawaru
 31601 | Abyss:3  | Found a corrupted altar of Lugonu.
 31601 | Abyss:3  | Cast into level 3 of the Abyss (+1 scimitar of distortion)
 31621 | Abyss:3  | Found a corrupted altar of Lugonu.
 31914 | Abyss:3  | Noticed a tentacled monstrosity
 31922 | Abyss:3  | Killed a tentacled monstrosity
 31922 | Abyss:3  | Received a gift from Okawaru
 32072 | Elf:2    | Escaped the Abyss
 32179 | Elf:2    | Received a gift from Okawaru
 32376 | Elf:2    | Found a runed translucent gate.
 32377 | Elf:2    | Found a runed translucent gate.
 32377 | Elf:2    | Found a runed translucent gate.
 32399 | Elf:2    | Reached XP level 20. HP: 117/117 MP: 32/32
 32678 | Elf:2    | Noticed Nikola
 32715 | Elf:2    | Killed Nikola
 32746 | Elf:2    | Received a gift from Okawaru
 32772 | Elf:2    | Noticed Jorgrun
 32786 | Elf:2    | Killed Jorgrun
 33036 | Elf:2    | Received a gift from Okawaru
 33073 | Elf:2    | Identified the blade talisman of the Postmodern Lovers {rC-
                  | rCorr Str+4 Int+6}
 33136 | Elf:3    | Entered Level 3 of the Elven Halls
 33140 | Elf:3    | Found a runed translucent gate.
 33140 | Elf:3    | Found a runed translucent gate.
 33140 | Elf:3    | Found a runed translucent gate.
 33144 | Elf:3    | Noticed Luqutot's ghost (adept MiFi)
 33144 | Elf:3    | Noticed Zontaigg's ghost (adept GrBe)
 33146 | Elf:3    | Noticed Heruu's ghost (adept MiHu)
 33383 | Elf:3    | Found Simmivi's Book Shoppe.
 33383 | Elf:3    | Found Quxov's Jewellery Shoppe.
 33386 | Elf:3    | Noticed Mara
 33412 | Elf:3    | Paralysed by an air elemental for 1 turns
 33416 | Elf:3    | Paralysed by an air elemental for 1 turns
 33559 | Elf:3    | Found Natirch's Jewellery Boutique.
 33801 | Elf:3    | Bought a +4 ring of slaying for 468 gold pieces
 33949 | Elf:3    | Found Xinlum's Jewellery Emporium.
 34119 | Elf:3    | Got the Book of Darkness
 34311 | Elf:3    | Killed Mara
 34599 | Elf:3    | Received a gift from Okawaru
 34927 | Elf:3    | Received a gift from Okawaru
 34977 | Elf:3    | Identified the amulet "Buwkud" {Regen+ RegenMP+ rCorr}
 35018 | Elf:3    | Identified the amulet "Zatibli" {^Fragile Regen+ Int+5
                  | Stlth+}
 35059 | Elf:3    | Got the Book of Twisted Quicksand
 35060 | Elf:3    | Identified the +3 shortbow of the Solstice {speed, rElec}
 35107 | Elf:3    | Got the Parchment of the Algid Voyage
 35611 | Spider:4 | Reached skill level 1 in Shapeshifting
 35638 | Spider:4 | Killed Roxanne
 36014 | Lair:5   | Identified the ring "Doicki" {rC+ rN+ rCorr Dex-3}
 36367 | Vaults:1 | Entered Level 1 of the Vaults
 36419 | Vaults:1 | Received a gift from Okawaru
 36420 | Vaults:1 | Reached XP level 21. HP: 121/121 MP: 33/33
 36651 | Vaults:1 | Reached skill level 5 in Shapeshifting
 36845 | Vaults:1 | Received a gift from Okawaru
 37204 | Vaults:1 | Found Coaffiaz's Weapon Shop.
 38044 | D:3      | Fell from the grace of Okawaru
 38044 | D:3      | Became a worshipper of Uskayaw the Reveller
 38320 | Vaults:2 | Reached * piety under Uskayaw
 38321 | Vaults:2 | Reached ** piety under Uskayaw
 38324 | Vaults:2 | Reached *** piety under Uskayaw
 38326 | Vaults:2 | Reached **** piety under Uskayaw
 38329 | Vaults:2 | Reached ***** piety under Uskayaw
 38409 | Vaults:2 | Found Powuol's Armour Shop.
 38425 | Vaults:2 | Bought a +0 buckler of positive energy for 85 gold pieces
 38546 | Vaults:2 | Found a staircase to the Crypt.
 38546 | Vaults:2 | Found an ancient bone altar of Kikubaaqudgha.
 38547 | Vaults:2 | Found a basalt altar of Yredelemnul.
 38651 | Vaults:2 | Reached ****** piety under Uskayaw
 38837 | Vaults:2 | Reached skill level 10 in Shapeshifting
 39637 | Vaults:3 | Reached XP level 22. HP: 126/126 MP: 34/34
 39863 | Vaults:3 | Identified the +1 barding "Racleaxe" {Harm Will+}
 40565 | Vaults:4 | Noticed Zenata
 40576 | Vaults:4 | Killed Zenata
 40710 | Vaults:4 | Found Luuwuca's Weapon Shop.
 41565 | Depths:1 | Entered Level 1 of the Depths
 41717 | Depths:1 | Found a gateway to Hell.
 42134 | Depths:1 | Reached skill level 15 in Shapeshifting
 42193 | Depths:1 | Found Pewi's Armour Boutique.
 42200 | Depths:1 | Noticed a juggernaut
 42205 | Depths:1 | Killed a juggernaut
 42822 | Depths:2 | Reached XP level 23. HP: 127/130 MP: 35/35
 42929 | Depths:1 | Bought the +3 buckler "Goamameh" {Rampage rPois rF++ Dex-5}
                  | for 716 gold pieces
 43196 | Depths:2 | Noticed Asterion
 43200 | Depths:2 | Found Newn's One-of-a-Kind Rings.
 43203 | Depths:2 | Killed Asterion
 43209 | Depths:2 | Bought a +7 ring of protection for 1656 gold pieces
 43234 | Depths:2 | Identified the ring "Baimoasi" {rF+ rC++ MP-9 Str+5}
 43255 | Depths:2 | Got the Collected Works on Spellbinding Black Deeds
 43266 | Depths:2 | Identified the +9 shortbow of Demand {freeze, Int+3}
 43285 | Depths:2 | Noticed a caustic shrike
 43301 | Depths:2 | Killed a caustic shrike
 43639 | Depths:2 | Was forgiven by Okawaru
 43893 | Depths:2 | Found a one-way gate leading to the halls of Pandemonium.
 43945 | Depths:3 | Identified the +3 robe of Tenacity {rN+ Slay+5 Stlth-}
 43945 | Depths:3 | Noticed Boris
 44140 | Depths:3 | Killed Boris
 44309 | Depths:3 | Found Voahukk's Weapon Emporium.
 44490 | Depths:3 | Found a one-way gate to the infinite horrors of the Abyss.
 44511 | Depths:3 | Found Seupt's Antique Armour Boutique.
 44518 | Depths:3 | Found Gunweceg's Assorted Antiques.
 44539 | Depths:3 | Bought a scroll of blinking for 307 gold pieces
 44567 | Depths:3 | Found a one-way gateway to a ziggurat.
 44733 | Depths:3 | Gained mutation: Your body sometimes deteriorates upon
                  | taking damage. [a cacodemon]
 44735 | Depths:3 | Gained mutation: You are vulnerable to heat. (rF-) [a
                  | cacodemon]
 44832 | Depths:3 | Noticed the Enchantress
 44840 | Depths:3 | Killed the Enchantress
 45085 | Depths:3 | Reached XP level 24. HP: 136/136 MP: 35/35
 45091 | Depths:3 | Noticed Jory
 45107 | Depths:3 | Killed Jory
 45248 | Depths:3 | Identified the ring "Gekh" {rF+ Will+ SInv}
 45308 | Depths:3 | Found the +7 hand cannon "Mule" {flame, backblast, rF+}
 45308 | Depths:3 | Found the ring of the Tortoise {AC+8}
 45406 | Depths:4 | Entered Level 4 of the Depths
 45407 | Depths:4 | Found a corrupted altar of Lugonu.
 45440 | Depths:4 | Found an ancient bone altar of Kikubaaqudgha.
 45563 | Depths:4 | Found a flickering gateway to a bazaar.
 45614 | Bazaar   | Entered a bazaar
 45628 | Bazaar   | Found Zixick's Antique Armour Shoppe.
 45628 | Bazaar   | Found Bororerch's Magic Scroll Emporium.
 45650 | Bazaar   | Found Qajoguq's Assorted Antiques.
 45650 | Bazaar   | Found Pinesm's Assorted Antiques.
 45671 | Bazaar   | Found Hymut's Magic Scroll Shoppe.
 45671 | Bazaar   | Found Reutem's Jewellery Emporium.
 45738 | Bazaar   | Bought a scroll of blinking for 105 gold pieces
 45764 | Bazaar   | Bought a scroll of fear for 84 gold pieces
 45778 | Bazaar   | Bought a scroll of teleportation for 42 gold pieces
 45778 | Bazaar   | Bought a scroll of fear for 56 gold pieces
 45778 | Bazaar   | Bought a scroll of enchant weapon for 105 gold pieces
 45865 | Depths:4 | Identified the +6 rapier "Beastbane" {freeze, ^Contam rF+
                  | Str+4}
 46435 | Depths:4 | Found a gate to the Realm of Zot.
 46570 | Depths:4 | Lost mutation: Your body sometimes deteriorates upon taking
                  | damage. [potion of mutation]
 46570 | Depths:4 | Lost mutation: You are vulnerable to heat. (rF-) [potion of
                  | mutation]
 46570 | Depths:4 | Gained mutation: You expend magic power (3 MP) to
                  | strengthen your wands. [potion of mutation]
 46570 | Depths:4 | Gained mutation: You are dopey. (Int -2) [potion of
                  | mutation]
 46576 | Depths:4 | Lost mutation: You are dopey. (Int -2) [potion of mutation]
 46576 | Depths:4 | Lost mutation: You expend magic power (3 MP) to strengthen
                  | your wands. [potion of mutation]
 46576 | Depths:4 | Gained mutation: You have large cloven feet. [potion of
                  | mutation]
 46576 | Depths:4 | Gained mutation: You have hidden genetic potential. [potion
                  | of mutation]
 47591 | Vaults:5 | Entered Level 5 of the Vaults
 47607 | Vaults:5 | Identified the +4 robe of the Lair of Beasts {Dex+3}
 47607 | Vaults:5 | Noticed Boris
 47625 | Vaults:5 | Killed Boris
 47791 | Vaults:5 | Noticed a dread lich
 47798 | Vaults:5 | Killed a dread lich
 47905 | Vaults:5 | Identified the +0 longbow of the Grinning Dove {flame, rF+}
 48108 | Vaults:5 | Reached XP level 25. HP: 134/140 MP: 35/35
 48387 | Vaults:5 | Got a silver rune of Zot
 48453 | Vaults:5 | Identified the +1 ring mail "Sumiridd" {Slay+3}
 48538 | Vaults:5 | Found Nunoimn's Weapon Shop.
 48558 | Vaults:5 | Identified the amulet of Qiwkidd {+Inv rElec Regen+ Dex-4
                  | Slay-6}
 48699 | Vaults:5 | Identified the +9 quarterstaff of Mana {protect, rPois
                  | Str+3 Dex+8 Stlth-}
 49269 | Slime:1  | Entered Level 1 of the Pits of Slime
 49568 | Slime:5  | Entered Level 5 of the Pits of Slime
 49568 | Slime:5  | Found the +3 pair of gauntlets of War {Slay+5}
 49568 | Slime:5  | Found the +8 mithril axe "Arga" {speed, Will+}
 49670 | Slime:5  | Noticed the Royal Jelly
 49675 | Slime:5  | Killed the Royal Jelly
 49730 | Slime:5  | Identified the ring of Circularity {Wiz Int+4}
 49749 | Slime:5  | Got the Cyclopedia of Spellbinding
 49750 | Slime:5  | Identified the +3 dire flail "Pateruc" {heavy, rCorr Dex+3}
 49793 | Slime:5  | Identified the +0 pair of boots of Isoygad {Str+2 Slay+2}
 49829 | Slime:5  | Identified the +11 mace "Worchyzi" {holy, rN+ Int+3}
 49830 | Slime:5  | Identified the +4 hand axe of the Glowing Mosquito {elec,
                  | Int+2}
 49844 | Slime:5  | Got a starry gem with 102 turns to spare
 49946 | Slime:2  | Lost the starry gem through the power of Zot.
 50498 | Zot:1    | Entered Level 1 of the Realm of Zot
 51199 | Zot:2    | Reached XP level 26. HP: 149/149 MP: 36/36
 51891 | Zot:2    | Reached skill level 15 in Dodging
 52247 | Zot:3    | Noticed Vv
 52262 | Zot:3    | Killed Vv
 52372 | Zot:3    | Found a transporter.
 52552 | Zot:3    | Found a transporter.
 53353 | Zot:4    | Reached XP level 27. HP: 156/156 MP: 37/37
 53478 | Zot:5    | Entered Level 5 of the Realm of Zot
 54164 | Zot:5    | Noticed an orb of fire
 54178 | Zot:5    | Killed an orb of fire
 54201 | Zot:5    | Noticed an orb of fire
 54216 | Zot:5    | Killed an orb of fire
 54255 | Zot:5    | Noticed an ancient lich
 54262 | Zot:5    | Killed an ancient lich
 54442 | Zot:5    | Noticed an orb of fire
 54446 | Zot:5    | Killed an orb of fire
 54648 | Zot:5    | Noticed an ancient lich
 54657 | Zot:5    | Killed an ancient lich
 54695 | Zot:5    | Noticed an orb of fire
 54700 | Zot:5    | Killed an orb of fire
 54712 | Zot:5    | Noticed an orb of fire
 54727 | Zot:5    | Killed an orb of fire
 54997 | Zot:5    | Noticed an orb of fire
 55009 | Zot:5    | Killed an orb of fire
 55165 | Zot:5    | Noticed an orb of fire
 55167 | Zot:5    | Noticed an orb of fire
 55169 | Zot:5    | Noticed an orb of fire
 55172 | Zot:5    | Killed an orb of fire
 55173 | Zot:5    | Reached skill level 15 in Armour
 55173 | Zot:5    | Killed an orb of fire
 55175 | Zot:5    | Killed an orb of fire
 55178 | Zot:5    | Noticed an ancient lich
 55190 | Zot:5    | Killed an ancient lich
 55572 | Depths:4 | Voluntarily entered the Abyss.
 56078 | Abyss:4  | Got an abyssal rune of Zot
 56157 | Depths:4 | Escaped the Abyss
 56575 | Slime:5  | Identified the +8 war axe of Tentacled Prudence {vamp, rF-
                  | Str+5 Int+6}
 56592 | Slime:5  | Got a slimy rune of Zot
 57483 | Depths:3 | Bought a scroll of enchant armour for 307 gold pieces
 57820 | Swamp:3  | Killed grizmgrazm2's ghost
 57825 | Swamp:3  | Identified the ring of Noulin {Str+3 Slay+4}
 58156 | Elf:3    | Killed Luqutot's ghost
 58158 | Elf:3    | Killed Zontaigg's ghost
 58167 | Elf:3    | Killed Heruu's ghost
 58827 | Orc:2    | Bought a scroll of revelation for 105 gold pieces
 58827 | Orc:2    | Bought a scroll of summoning for 133 gold pieces
 59039 | D:6      | Bought a scroll of revelation for 75 gold pieces
 59039 | D:6      | Bought a scroll of torment for 95 gold pieces
 59039 | D:6      | Bought a scroll of summoning for 95 gold pieces
 59359 | Pan      | Entered Pandemonium
 59408 | Pan      | Noticed Iret the pandemonium lord
 59412 | Pan      | Killed Iret the pandemonium lord
 59927 | Pan      | Noticed Jukhleojosch the pandemonium lord
 59940 | Pan      | Killed Jukhleojosch the pandemonium lord
 60523 | Pan      | Noticed Busutab the pandemonium lord
 60533 | Pan      | Killed Busutab the pandemonium lord
 60615 | Pan      | Found an exit through the horrors of the Abyss.
 61026 | Pan      | Noticed Jighea the pandemonium lord
 61048 | Pan      | Killed Jighea the pandemonium lord
 61123 | Pan      | Found a runed translucent door.
 61156 | Pan      | Got a demonic rune of Zot
 61418 | Pan      | Found an exit through the horrors of the Abyss.
 61584 | Pan      | Entered the realm of Gloorx Vloq.
 61759 | Pan      | Noticed Gloorx Vloq
 61769 | Pan      | Killed Gloorx Vloq
 61806 | Pan      | Got a dark rune of Zot
 61994 | Pan      | Identified the +7 war axe "Wuteoqu" {freeze, Str+3 Dex+3
                  | Stlth+}
 62134 | Pan      | Entered the realm of Lom Lobon.
 63173 | Pan      | Noticed Lom Lobon
 63175 | Pan      | Killed Lom Lobon
 63209 | Pan      | Got a magical rune of Zot
 63417 | Pan      | Entered the realm of Cerebov.
 63505 | Pan      | Noticed Ignacio
 63511 | Pan      | Killed Ignacio
 63733 | Pan      | Found the +6 sword of Cerebov {flame}
 63733 | Pan      | Noticed Cerebov
 63754 | Pan      | Killed Cerebov
 63813 | Pan      | Got the Directory of the Burn and Cadavers
 63814 | Pan      | Identified the scarf of Undesirable Species {repulsion,
                  | -Tele Fly rF+ rN+}
 63819 | Pan      | Identified the +3 sling of Internal Strife {flame, rCorr
                  | Str-3 Int+2 Dex+2}
 63840 | Pan      | Got Qoistryof's Guide on the Excursion
 63889 | Pan      | Identified the +6 dagger "Fiomouvy" {heavy, rCorr Dex+2
                  | SInv}
 63890 | Pan      | Identified the +3 scale mail "Dox Nung" {-Tele Rampage
                  | Regen+ rCorr}
 63989 | Pan      | Got a fiery rune of Zot
 64124 | Pan      | Entered the realm of Mnoleg.
 64124 | Pan      | Noticed Mnoleg
 64174 | Pan      | Killed Mnoleg
 64308 | Pan      | Identified the +1 lajatang "Ylas Cou" {holy, ^Fragile rN+++
                  | Str-3 SInv}
 64898 | Pan      | Found an exit through the horrors of the Abyss.
 64912 | Pan      | Identified the +1 robe of Vuteon {rF++}
 64992 | Pan      | Got a glowing rune of Zot
 65027 | Depths:2 | Escaped Pandemonium
 65047 | Hell     | Entered the Vestibule of Hell
 65047 | Hell     | Noticed Geryon
 65058 | Hell     | Killed Geryon
 65311 | Hell     | Found a gateway to the ashen valley of Gehenna.
 65460 | Hell     | Found a gateway to the decaying netherworld of Tartarus.
 65528 | Hell     | Found a gateway to the freezing wastes of Cocytus.
 65589 | Hell     | Found a gateway to the Iron City of Dis.
 65683 | Tar:1    | Entered Level 1 of Tartarus
 66418 | Tar:7    | Entered Level 7 of Tartarus
 66760 | Tar:7    | Identified the staff "Ohevy" {*Corrode rPois rC+ Will- SInv
                  | Necro Alchemy}
 66857 | Tar:7    | Identified the ring of the Spinneret {rF+ rC++ MP+9 Stlth+}
 66907 | Tar:7    | Noticed a dread lich
 66908 | Tar:7    | Noticed an ancient lich
 66913 | Tar:7    | Killed a dread lich
 66915 | Tar:7    | Killed an ancient lich
 66920 | Tar:7    | Identified the amulet of Eveskika {Spirit rC- rN+++ Str-5
                  | Int+4}
 67040 | Tar:7    | Noticed an ancient lich
 67041 | Tar:7    | Noticed an ancient lich
 67045 | Tar:7    | Killed an ancient lich
 67050 | Tar:7    | Killed an ancient lich
 67055 | Tar:7    | Identified the +1 troll leather armour "Kabyucri" {rF++
                  | Regen+ rCorr}
 67533 | Tar:7    | Noticed the Serpent of Hell
 67549 | Tar:7    | Killed the Serpent of Hell
 67633 | Tar:7    | Noticed Ereshkigal
 67642 | Tar:7    | Killed Ereshkigal
 67682 | Tar:7    | Got a bone rune of Zot
 67730 | Tar:7    | Identified the +3 leather armour "Icwyics" {rPois Int+3
                  | Dex+2}
 67762 | Tar:7    | Identified the +7 chain mail of Cuciecax {rCorr Str+4
                  | Int-4}
 67895 | Geh:1    | Entered Level 1 of Gehenna
 69089 | Geh:7    | Entered Level 7 of Gehenna
 69465 | Geh:7    | Reached skill level 27 in Invocations
 70194 | Geh:7    | Got Kanimn's Grimoire of the Flock
 70841 | Geh:7    | Found the +13 sceptre of Asmodeus
 70841 | Geh:7    | Noticed Asmodeus
 70857 | Geh:7    | Killed Asmodeus
 70918 | Geh:7    | Identified the staff of Ziameneh {rElec rF+ Str+3 Summ Air}
 70919 | Geh:7    | Identified the +0 scale mail of Serendipity {rC+ rN+}
 70923 | Geh:7    | Identified the dragon-blood talisman of the Distant Future
                  | {Int+6}
 70938 | Geh:7    | Identified the +5 spear "Aquikkio" {venom, rF- Int+5 SInv}
 70939 | Geh:7    | Identified the +8 rapier "Qitz" {elec, *Corrode rPois Dex+4
                  | SInv}
 70954 | Geh:7    | Identified the +1 leather armour of the Poles {rN+ Will+
                  | rCorr Str-2}
 70955 | Geh:7    | Identified the +0 broad axe of Pitilo {elec, ^Fragile rF+
                  | rN+}
 70968 | Geh:7    | Got an obsidian rune of Zot
 71459 | Orc:1    | Bought the ring "Nyarebo" {Fly Str+2 Int+4} for 445 gold
                  | pieces
 71750 | Coc:1    | Entered Level 1 of Cocytus
 71750 | Coc:1    | Lost intelligence.
 71969 | Coc:2    | Reached skill level 27 in Fighting
 72794 | Coc:5    | Reached skill level 10 in Evocations
 72983 | Coc:5    | Paralysed by a wendigo for 1 turns
 73446 | Coc:7    | Entered Level 7 of Cocytus
 73579 | Coc:7    | Paralysed by a wendigo for 1 turns
 74107 | Coc:7    | Noticed Antaeus
 74138 | Coc:7    | Killed Antaeus
 74139 | Coc:7    | Reached skill level 15 in Evocations
 74162 | Coc:7    | Got an icy rune of Zot
 74205 | Coc:7    | Identified the +9 sling of Ituimn {drain, rPois rN+ Will-
                  | MP+9}
 74208 | Coc:7    | Identified the +0 leather armour of Filigreed Joy {-Cast
                  | rElec rPois rN+}
 74209 | Coc:7    | Identified the amulet of Guuten {rElec RegenMP+}
 74219 | Coc:7    | Identified the +1 glaive of Death {freeze, rElec rPois rC++
                  | Dex-5}
 74297 | Coc:7    | Identified the +0 kite shield of Greed {Slay+4}
 74564 | Dis:1    | Entered Level 1 of the Iron City of Dis
 75088 | Dis:1    | Noticed an ancient lich
 75096 | Dis:1    | Killed an ancient lich
 75332 | Dis:4    | Noticed an ancient lich
 75340 | Dis:4    | Killed an ancient lich
 75415 | Dis:4    | Noticed a dread lich
 75427 | Dis:4    | Killed a dread lich
 75429 | Dis:4    | Noticed an ancient lich
 75437 | Dis:4    | Noticed a dread lich
 75437 | Dis:4    | Noticed an ancient lich
 75448 | Dis:4    | Killed an ancient lich
 75454 | Dis:4    | Killed an ancient lich
 75455 | Dis:4    | Killed a dread lich
 75709 | Dis:6    | Lost intelligence.
 75960 | Dis:7    | Entered Level 7 of the Iron City of Dis
 76625 | Dis:7    | Identified the ring "Mesy" {rPois EV+5 Str-3 Dex+5}
 76630 | Dis:7    | Identified the +3 mace "Siun" {holy, rC+ Stlth+}
 76727 | Dis:7    | Noticed Dispater
 76732 | Dis:7    | Killed Dispater
 77008 | Dis:7    | Got an iron rune of Zot
 77345 | Crypt:1  | Entered Level 1 of the Crypt
 77417 | Crypt:1  | Noticed Khufu
 77417 | Crypt:1  | Noticed a royal mummy
 77433 | Crypt:1  | Killed a royal mummy
 77434 | Crypt:1  | Killed Khufu
 77440 | Crypt:1  | Noticed a royal mummy
 77446 | Crypt:1  | Killed a royal mummy
 77544 | Crypt:1  | Identified the orb "Esaen" {light, Int+3 Hexes}
 77544 | Crypt:1  | Noticed Frederick
 77567 | Crypt:1  | Killed Frederick
 78428 | Crypt:3  | Entered Level 3 of the Crypt
 78587 | Crypt:3  | Found a staircase to the Tomb.
 78606 | Crypt:3  | Got Dodyfiq's Directory of the Mortuary
 78755 | Crypt:3  | Noticed a dread lich
 78760 | Crypt:3  | Killed a dread lich
 78762 | Crypt:3  | Found an ancient bone altar of Kikubaaqudgha.
 78766 | Crypt:3  | Noticed Xtahua
 78774 | Crypt:3  | Killed Xtahua
 78803 | Crypt:3  | Identified the +9 morningstar "Beetleslayer" {venom, rElec
                  | rCorr Str-3}
 78811 | Crypt:3  | Got an ivory gem with 461 turns to spare
 78983 | Tomb:1   | Entered Level 1 of the Tomb of the Ancients
 79312 | Tomb:1   | Noticed a royal mummy
 79312 | Tomb:1   | Noticed a royal mummy
 79334 | Tomb:1   | Killed a royal mummy
 79399 | Tomb:1   | Killed a royal mummy
 79580 | Tomb:1   | Noticed a royal mummy
 79586 | Tomb:1   | Killed a royal mummy
 79820 | Tomb:2   | Noticed a royal mummy
 79822 | Tomb:2   | Noticed a royal mummy
 79824 | Tomb:2   | Noticed a royal mummy
 79825 | Tomb:2   | Noticed a royal mummy
 79825 | Tomb:2   | Noticed a royal mummy
 79834 | Tomb:2   | Killed a royal mummy
 79837 | Tomb:2   | Killed a royal mummy
 79840 | Tomb:2   | Killed a royal mummy
 79843 | Tomb:2   | Killed a royal mummy
 79845 | Tomb:2   | Killed a royal mummy
 79850 | Tomb:2   | Identified the +2 robe of the Ego {rElec rN+ Str-4 Dex+2}
 79850 | Tomb:2   | Noticed Boris
 79857 | Tomb:2   | Killed Boris
 79983 | Tomb:2   | Reached skill level 10 in Shields
 80268 | Tomb:1   | Noticed a royal mummy
 80274 | Tomb:1   | Noticed a royal mummy
 80276 | Tomb:1   | Killed a royal mummy
 80278 | Tomb:1   | Noticed a royal mummy
 80291 | Tomb:1   | Killed a royal mummy
 80293 | Tomb:1   | Killed a royal mummy
 80320 | Tomb:1   | Noticed a royal mummy
 80329 | Tomb:1   | Killed a royal mummy
 80382 | Tomb:1   | Noticed a royal mummy
 80389 | Tomb:1   | Killed a royal mummy
 80390 | Tomb:1   | Noticed a royal mummy
 80397 | Tomb:1   | Killed a royal mummy
 80401 | Tomb:1   | Noticed a royal mummy
 80404 | Tomb:1   | Noticed a royal mummy
 80405 | Tomb:1   | Noticed a royal mummy
 80406 | Tomb:1   | Noticed a royal mummy
 80427 | Tomb:1   | Killed a royal mummy
 80430 | Tomb:1   | Killed a royal mummy
 80434 | Tomb:1   | Noticed a royal mummy
 80438 | Tomb:1   | Killed a royal mummy
 80438 | Tomb:1   | Noticed a royal mummy
 80439 | Tomb:1   | Killed a royal mummy
 80446 | Tomb:1   | Killed a royal mummy
 80446 | Tomb:1   | Noticed a royal mummy
 80449 | Tomb:1   | Noticed a royal mummy
 80452 | Tomb:1   | Killed a royal mummy
 80453 | Tomb:1   | Killed a royal mummy
 80456 | Tomb:1   | Killed a royal mummy
 80457 | Tomb:1   | Noticed a royal mummy
 80460 | Tomb:1   | Noticed a royal mummy
 80461 | Tomb:1   | Killed a royal mummy
 80464 | Tomb:1   | Noticed a royal mummy
 80465 | Tomb:1   | Killed a royal mummy
 80466 | Tomb:1   | Noticed a royal mummy
 80470 | Tomb:1   | Killed a royal mummy
 80479 | Tomb:1   | Killed a royal mummy
 80500 | Tomb:1   | Noticed a royal mummy
 80507 | Tomb:1   | Killed a royal mummy
 80621 | Tomb:1   | Noticed a royal mummy
 80645 | Tomb:1   | Killed a royal mummy
 80680 | Tomb:1   | Noticed a royal mummy
 80680 | Tomb:1   | Noticed a royal mummy
 80689 | Tomb:1   | Killed a royal mummy
 80691 | Tomb:1   | Killed a royal mummy
 80841 | Tomb:3   | Entered Level 3 of the Tomb of the Ancients
 80882 | Tomb:3   | Noticed a royal mummy
 80883 | Tomb:3   | Noticed a royal mummy
 80883 | Tomb:3   | Noticed a royal mummy
 80894 | Tomb:3   | Killed a royal mummy
 80913 | Tomb:3   | Killed a royal mummy
 80918 | Tomb:3   | Identified the +4 robe "Qunerif" {Harm *Slow rPois rF+}
 80918 | Tomb:3   | Noticed Boris
 80919 | Tomb:3   | Noticed a royal mummy
 80922 | Tomb:3   | Noticed a royal mummy
 80930 | Tomb:3   | Killed Boris
 80942 | Tomb:3   | Killed a royal mummy
 80983 | Tomb:3   | Noticed a royal mummy
 80988 | Tomb:3   | Killed a royal mummy
 81007 | Tomb:3   | Noticed a royal mummy
 81014 | Tomb:3   | Killed a royal mummy
 81174 | Tomb:3   | Killed a royal mummy
 81176 | Tomb:3   | Noticed a royal mummy
 81177 | Tomb:3   | Noticed a royal mummy
 81201 | Tomb:3   | Killed a royal mummy
 81232 | Tomb:3   | Killed a royal mummy
 81238 | Tomb:3   | Killed a royal mummy
 81263 | Tomb:3   | Got a golden rune of Zot
 81956 | Zot:5    | Got the Orb of Zot
 82033 | Zot:2    | Noticed Iniol the pandemonium lord
 82033 | Zot:2    | Noticed an ancient lich
 82041 | Zot:2    | Killed Iniol the pandemonium lord
 82043 | Zot:2    | Killed an ancient lich
 82129 | Zot:1    | Noticed Kilu the pandemonium lord
 82136 | Zot:1    | Killed Kilu the pandemonium lord
 82640 | D:$      | Escaped with the Orb!

Illustrated notes

Levels and vault maps discovered:
D:1:      minmay_arrival_stair_chambers, layout_loops_ring
D:2:      layout_basic, basic_altar, uniq_jessica
D:3:      layout_rooms, mainiacjoe_overflow_tiny_flanked, minmay_between
D:4:      layout_rooms, minmay_tree_intersection, kennysheep_crisscross,
          nzn_random_ring, uniq_edmund
D:5:      layout_gridville, grunt_temple_overflow_open, temple_fountains,
          fountainhead, chequers_serial_rivers_room_b, uniq_prince_ribbit1,
          uniq_sigmund
D:6:      layout_rooms, chequers_serial_rivers_small_3,
          nicolae_shop_distant_corner_stores, uniq_maggie
D:7:      layout_basic, mainiacjoe_overflow_small_starburst, enter_bailey_2
D:8:      layout_basic, grunt_tough_drop
D:9:      layout_stronghold, orc_0_dummy
D:10:     layout_basic, lair_entry_dummy, uniq_urug
D:11:     layout_roguey, kennysheep_orc_sif_temple, uniq_fannar, uniq_psyche
D:12:     regret_index_reflect_refract, layout_basic, special_room
          [special_room_orc]
D:13:     kennysheep_room_grid, layout_basic,
          hangedman_vaults_entry_quadrant_bands
D:14:     layout_rooms, fedhas_altar_2, serial_shops, nicolae_diamond_shop,
          kennysheep_little_box, nicolae_shop_crystal, shop, minmay_three_doors
D:15:     grunt_enter_depths_magical_seal, layout_gridville,
          minmay_misc_feat_roman, nicolae_danse_macabre, uniq_josephine
Temple:   minmay_crystal_spiral_temple
Lair:1:   layout_cave_pods, st_stairs_7, uniq_nergalle
Lair:2:   regret_index_malice_mire, layout_regular_city, serial_bayou_pond_c,
          minivault_19, serial_bayou_shore_b
Lair:3:   layout_cave_pods, skrybe_swamp_entry_bodies,
          nicolae_spider_entry_orb_guardian, lemuel_fruit_tree
Lair:4:   layout_hall_layers, hibernation_bobbens
Lair:5:   due_jungle_book, layout_big_grid, slime_entry_1, worms_lemuel,
          serial_bayou_shore_a
Swamp:1:  layout_basic_swamp, evilmike_swamp_ruin_house_2, swamp_pool_1_2,
          uniq_kirke
Swamp:2:  layout_basic_swamp, evilmike_swamp_ruin_house_6
Swamp:3:  nicolae_swamp_secret_spriggan_hideout, layout_basic_swamp,
          gammafunk_ghost_wrathful_warriors, evilmike_swamp_ruin_rubble_1,
          swamp_pool_1_2
Swamp:4:  swamp_old_school, layout_basic_swamp, swamp_pool_1_2,
          nicolae_swamp_drake_lake, uniq_louise
Spider:1: layout_spider_delve, nicolae_spider_checkerboard,
          hangedman_spider_tarantella_strand
Spider:2: layout_spider_delve, uniq_frances
Spider:3: spider_temple_joshua
Spider:4: grunt_spider_rune_parallel, gammafunk_ghost_berserking_beasts,
          uniq_arachne, uniq_roxanne
Slime:1:  layout_caves, special_room [special_room_jelly]
Slime:2:  nicolae_slime_pool, layout_caves
Slime:3:  layout_caves
Slime:4:  layout_caves
Slime:5:  slime_pit_nicolae_jellycorners
Orc:1:    layout_caves, portal_ice_cave_rime, basic_altar, serial_shops,
          shop_statue
Orc:2:    st_orc_elflike, layout_caves
Elf:1:    eino_elf_arrival_altar, layout_onion_city, nicolae_elf_crossing_hall,
          minmay_shop_grove
Elf:2:    nicolae_elf_blades_crystal_corner, layout_rooms, uniq_jorgrun,
          uniq_nikola
Elf:3:    minmay_elf_hall_x, layout_onion_city, gammafunk_ghost_cemetery,
          serial_shops, shop, nicolae_shop_peninsula,
          nicolae_shop_window_shopping, shop, uniq_mara
Vaults:1: nicolae_vaults_trapezoid_lopsided_4, hangedman_vaults_capsules,
          vaults_room_hangedman_quadrants, nicolae_vaults_sightless_eye,
          ontoclasm_vaults_hangar, v_misc_5, hangedman_vaults_restitches,
          nicolae_vaults_mini_display_case, dpeg_vaults_monster_box,
          layout_vaults_quadrants, serial_shops, shop
Vaults:2: nicolae_vaults_two_Ls, v_misc_8, nicolae_vaults_back_hallway,
          grunt_vaults_twisty, ontoclasm_vaults_claustrophobia,
          nicolae_vaults_taking_the_gang_shopping, ontoclasm_vaults_misaligned,
          nicolae_vaults_doubleplus_tesselated, minmay_crypt_entry_necro_gods,
          v_misc_5, nicolae_vaults_ninety_degrees, layout_vaults_maze_bifur,
          serial_shops, shop
Vaults:3: st_squares, nicolae_vaults_trapezoid_layered,
          nicolae_vaults_tetromino_T_1, grunt_vaults_hallway_long,
          vaults_room_hallway, nicolae_vaults_closet_pinwheel_6,
          nicolae_vaults_network_barrier, nicolae_vaults_heart-shaped_vault,
          vaults_dpeg_hooks, ontoclasm_vaults_shuriken,
          hangedman_vaults_stretched_pinwheel, grunt_vaults_trifunnel,
          hangedman_vaults_river_flow, grunt_vaults_swirl, layout_vaults_omnibox
Vaults:4: nicolae_vaults_shrinking_rooms_2, nicolae_vaults_little_squares_4,
          v_misc_8, nicolae_vaults_storage_closets_2, v_misc_26,
          vaults_standard_mumra_x, nicolae_vaults_trapezoid_lopsided_1,
          vaults_room_door_ring, layout_vaults_big_cross, serial_shops,
          nicolae_shop_stone, uniq_zenata
Vaults:5
Crypt:1:  layout_rooms, small_statue_intersection,
          nicolae_crypt_fancy_cubbyholes, uniq_khufu, uniq_frederick
Crypt:2:  layout_misc_corridors
Crypt:3:  cryptofortress_bobbens, uniq_xtahua
Tomb:1
Tomb:2
Tomb:3
Depths:1: layout_cave_pools, serial_shops, shop, hell_entry,
          serial_co_window_serial, co_window_paths_a, co_window_paths_a,
          co_window_of_opportunity_a, co_window_of_opportunity_a,
          co_window_corner_a, co_window_corner_a, co_window_paths_a,
          co_window_paths_b, co_window_of_opportunity_a, co_window_corner_b,
          co_window_broadway_a, co_window_2corner, co_window_2corner,
          co_window_broadway_c, co_window_2corner, glass_columns_a,
          glass_columns_b, glass_columns_c, glass_columns_a, glass_columns_a,
          serial_library_hellmonk_recessed_alcove
Depths:2: minmay_the_grid_octo_2x2 [minmay_the_grid_octo_77,
          minmay_the_grid_octo_thin_diamonds, minmay_the_grid_octo_pinwheel,
          minmay_the_grid_octo_prize_square_snowflake], layout_honeycomb,
          hell_entry, rand_demon_pan_entry_1, grunt_decor_mini_mirrors,
          nicolae_shop_unique_rings, uniq_asterion
Depths:3: due_jory_tower, layout_cave_pools, enter_ziggurat_b,
          grunt_pan_entry_spiral, amcnicky_mini_rare_corridor_liquid,
          hangedman_abyss_entry_splay, serial_shops, shop, shop,
          kennysheep_mini_moat, hell_entry, uniq_boris, uniq_margery,
          uniq_enchantress
Depths:4: grunt_zot_entry_gee_three, layout_cave_pools, serial_shops,
          bzr_entry_islet, pf_dread_powers_of_hell, abyss_entry_flame_altar,
          kiku_gazebo_garden_becter, minmay_stone_trees_medium,
          serial_bayou_shore_b
Hell
Dis:1:    layout_subdivisions
Dis:2:    layout_gridville
Dis:3:    layout_subdivisions
Dis:4:    hangedman_dis_monolith, layout_regular_city, glass_columns_a,
          nicolae_hells_leichenhalle
Dis:5:    layout_gridville
Dis:6:    layout_regular_city
Dis:7:    iron_city_of_dis [dis_old, dis_wall_2], layout_gridville
Geh:1:    layout_gehenna_pools_triple, nicolae_geh_rippling_lava
Geh:2:    layout_gehenna_lava_caves
Geh:3:    layout_gehenna_pools_box, evilmike_ambush
          [evilmike_ambush_outer_pillars, evilmike_ambush_inner_basic]
Geh:4:    layout_gehenna_lava_caves
Geh:5:    nicolae_geh_i_lava_good_maze [nicolae_geh_lavamaze_diaghalf_village,
          nicolae_geh_lavamaze_diaghalf_recurse]
Geh:6:    layout_gehenna_pools_basic
Geh:7:    geh_mu
Coc:1:    layout_cocytus_delve
Coc:2:    layout_cocytus_water_paths
Coc:3:    layout_ice_bergs
Coc:4:    layout_ice_bergs
Coc:5:    nicolae_hells_demon_pit, layout_ice_bergs
Coc:6:    layout_cocytus_water_paths
Coc:7:    coc_old
Tar:1:    layout_grid_maze
Tar:2:    layout_grid_maze
Tar:3:    layout_cathedral_of_symmetry
Tar:4:    layout_honeycomb, nicolae_tar_cuneiform_two
Tar:5:    layout_cathedral_of_symmetry
Tar:6:    layout_catacombs
Tar:7:    tar_grunt_cathedral
Zot:1:    kennysheep_ambush_hall, layout_misc_corridors
Zot:2:    layout_gridlike, grunt_megastairs_4
Zot:3:    gammafunk_dig_for_victory, layout_basic, zot_minivault_5, uniq_vv
Zot:4:    layout_misc_corridors, grunt_megastairs_5
Zot:5:    layout_basic

Skill      XL: |  1  2  3  4  5  6  7  8  9 10 11 12 13 14 15 16 17 18 19 20 21 22 23 24 25 26 27 |
---------------+----------------------------------------------------------------------------------+-----
Short Blades   | 2 3 4 6 9 10 12 13 14 | 14.0
Fighting       | 3 4 5 7 9 10 11 15 16 17 18 19 27 | 27.0
Stealth        | 2 3 4 6 7 |  7.0
Dodging        | 3 5 10 11 12 14 17 24 | 24.8
Armour         | 4 5 7 9 10 11 12 14 23 | 23.7
Invocations    | 3 6 8 9 11 12 15 17 19 27 | 27.0
Shields        | 5 7 12 | 12.0
Evocations     | 2 6 20 | 20.0
Shapeshifting  | 2 11 16 19 22 23 | 23.0

Action                     |  1- 3 |  4- 6 |  7- 9 | 10-12 | 13-15 | 16-18 | 19-21 | 22-24 | 25-27 || total
---------------------------+-------+-------+-------+-------+-------+-------+-------+-------+-------++-------
  Melee: Rapier            |    66 |   236 |    46 |       |       |       |       |       |       ||   348
         Bite              |    13 |    74 |   140 |   356 |   934 |  1243 |   961 |   986 |  5246 ||  9953
         Dagger            |       |       |   388 |   770 |       |       |       |       |       ||  1158
         Quick blade       |       |       |       |   135 |  1818 |  2372 |  1601 |  1661 |  8310 || 15897
  Throw: Dart              |       |     7 |    36 |       |     3 |     7 |       |       |       ||    53
 Invoke: Finesse           |       |       |       |     1 |       |     1 |     2 |       |       ||     4
         Receive Weapon    |       |       |       |     1 |       |       |       |       |       ||     1
         Receive Armour    |       |       |       |     1 |       |       |       |       |       ||     1
         Heroism           |       |       |       |       |       |     1 |       |       |       ||     1
         Duel              |       |       |       |       |       |       |     3 |       |       ||     3
         Grand Finale      |       |       |       |       |       |       |       |       |     6 ||     6
         Stomp             |       |       |       |       |       |       |       |       |     4 ||     4
  Evoke: Wand              |       |       |       |     3 |       |     3 |     1 |       |    23 ||    30
    Use: Potion            |       |     4 |       |       |       |     4 |       |     2 |     2 ||    12
         Scroll            |       |       |     5 |     9 |    18 |     7 |     6 |     8 |    36 ||    89
   Stab: Invisible         |       |       |       |       |       |     1 |       |       |       ||     1
         Paralysed         |       |       |       |       |       |       |    42 |   154 |   596 ||   792
 Armour: Scale mail        |    65 |    49 |       |   274 |       |       |       |       |       ||   388
         Plate armour      |       |   160 |   191 |    62 |       |       |       |       |       ||   413
         Skin              |       |     8 |    31 |       |       |       |       |       |       ||    39
         Gold dragon scale |       |       |       |    52 |   544 |   803 |   406 |   417 |  1697 ||  3919
         Storm dragon scal |       |       |       |       |       |       |       |       |   990 ||   990
  Dodge: Dodged            |    28 |    61 |    40 |   219 |   216 |   589 |   295 |   239 |  1614 ||  3301
  Block: Buckler           |    15 |    44 |    48 |   115 |   164 |   302 |    42 |   203 |  1138 ||  2071
   Form: Death             |       |       |       |       |       |       |       |     1 |     4 ||     5
                           |       |       |       |       |       |       |       |       |     3 ||     3

Table legend: (Time is in decaauts)
 A = Elapsed time spent in this place.
 B = Non-inter-level travel time spent in this place.
 C = Inter-level travel time spent in this place.
 D = Time resting spent in this place.
 E = Time spent auto-exploring this place.
 F = Levels seen in this place.
 G = Mean time per level.
                   A        B        C        D        E       F      G
               +--------+--------+--------+--------+--------+-----+--------+
         Total |  78698 |  66477 |  12221 |   4119 |  35509 | 108 |  728.7 |
       Dungeon |  17297 |  12690 |   4607 |    368 |   8878 |  15 | 1153.1 |
        Temple |     38 |      2 |     36 |      0 |      0 |   1 |   38.0 |
          Lair |   7070 |   5270 |   1800 |      0 |   3933 |   5 | 1414.0 |
         Swamp |   3633 |   3258 |    375 |     11 |   1642 |   4 |  908.2 |
   Spider Nest |   4181 |   3586 |    595 |    351 |   1493 |   4 | 1045.2 |
    Slime Pits |   1266 |   1160 |    106 |    142 |    302 |   5 |  253.2 |
  Orcish Mines |   1647 |   1193 |    454 |      0 |    607 |   2 |  823.5 |
   Elven Halls |   4228 |   3851 |    377 |    525 |   1836 |   3 | 1409.3 |
        Vaults |   6126 |   5277 |    849 |     61 |   3984 |   5 | 1225.2 |
         Crypt |   1632 |   1420 |    212 |     66 |    854 |   3 |  544.0 |
          Tomb |   2392 |   2232 |    160 |     30 |    731 |   3 |  797.3 |
        Depths |   5403 |   4430 |    973 |    290 |   2446 |   4 | 1350.8 |
          Hell |    957 |    738 |    219 |    223 |    277 |   1 |  957.0 |
           Dis |   2127 |   2025 |    102 |    626 |    209 |   7 |  303.9 |
       Gehenna |   3111 |   2837 |    274 |    415 |    628 |   7 |  444.4 |
       Cocytus |   2562 |   2375 |    187 |     98 |    996 |   7 |  366.0 |
      Tartarus |   1978 |   1927 |     51 |     74 |    664 |   7 |  282.6 |
           Zot |   5135 |   4299 |    836 |    333 |   2452 |   5 | 1027.0 |
         Abyss |    948 |    948 |      0 |     39 |    300 |   3 |  316.0 |
   Pandemonium |   5256 |   5256 |      0 |    316 |   2603 |  14 |  375.4 |
        Bazaar |    181 |    181 |      0 |      0 |     80 |   1 |  181.0 |
        Bailey |    801 |    801 |      0 |    150 |    223 |   1 |  801.0 |
      Ice Cave |    718 |    718 |      0 |      0 |    369 |   1 |  718.0 |
               +--------+--------+--------+--------+--------+-----+--------+

Top non-repeatable levels by time:
   Geh:7: 2010 daAuts
   Zot:5: 1957 daAuts
  Lair:5: 1950 daAuts
   Elf:3: 1944 daAuts
    D:10: 1682 daAuts
  Lair:3: 1628 daAuts
    D:12: 1554 daAuts
     D:9: 1509 daAuts
  Lair:1: 1468 daAuts
Spider:3: 1451 daAuts
  Lair:2: 1434 daAuts
Depths:2: 1420 daAuts
    D:15: 1417 daAuts
Depths:1: 1417 daAuts
Vaults:1: 1397 daAuts
